 Dungeon Crawl Stone Soup version 0.19-a0-1834-g6b7851e (console) character file.

223 brucemayne the Cleaver (level 6, -8/51 HPs)
             Began as a Hill Orc Monk on Oct 8, 2016.
             Splashed by a jelly's acid (9 damage)
             ... on level 5 of the Dungeon.
             The game lasted 00:09:05 (2065 turns).

brucemayne the Cleaver (Hill Orc Monk)              Turns: 2065, Time: 00:09:05

Health: -8/51      AC: -12   Str: 16    XL:     6   Next: 0%
Magic:  6/6        EV: 11    Int: 10    God:
Gold:   206        SH:  0    Dex: 13    Spells: 0 memorised, 5 levels left

rFire  . . .     SeeInvis .     a - +0 hand axe
rCold  . . .     Gourm    .     m - +0 ring mail
rNeg   . . .     Faith    .     (no shield)
rPois  .         Spirit   .     n - +0 helmet
rElec  .         Dismiss  .     (no cloak)
rCorr  .         Reflect  .     o - +0 pair of gloves
MR     .....     Harm     .     j - +0 pair of boots
Stlth  ++........               (no amulet)
                                (no ring)
                                h - ring of stealth

@: corroded, drained
A: no striking features
a: no special abilities


You were on level 5 of the Dungeon.
You were not hungry.

You visited 1 branch of the dungeon, and saw 5 of its levels.

You collected 206 gold pieces.

Inventory:

Hand Weapons
 a - a +0 hand axe (weapon)
 g - a +0 battleaxe
Armour
 b - a +0 robe
 j - a +0 pair of boots (worn)
 m - a +0 ring mail (worn)
 n - a +0 helmet (worn)
 o - a +0 pair of gloves (worn)
Jewellery
 h - a ring of stealth (left hand)
Scrolls
 d - a scroll of identify
 e - 2 scrolls of teleportation
 f - 2 scrolls of fog
 i - a scroll of fear {unknown}
 l - a scroll of amnesia {unknown}
 q - a scroll of remove curse {unknown}
Potions
 k - 6 potions of curing
 r - a potion of lignification
 s - 3 potions of brilliance
Comestibles
 c - 3 bread rations
 p - a royal jelly


   Skills:
 - Level 3.6 Fighting
 + Level 8.5 Axes
 - Level 2.4 Dodging
 - Level 1.5 Stealth


You had 5 spell levels left.
You didn't know any spells.

Dungeon Overview and Level Annotations

Branches:
Dungeon (5/15)
 Temple: D:4-7

Altars:
Gozag
Sif Muna
Uskayaw
Yredelemnul

Shops:
D:5 (

Annotations:
D:2 exclusion: downstairs
D:3 Sigmund
D:4 1 exclusion


Message History

The jelly is heavily wounded.
The jelly closely misses you.
You hit the jelly. The acid corrodes you!
Your hands burn!
* * * LOW HITPOINT WARNING * * *
The jelly is severely wounded.
You hit the jelly but do no damage. The acid corrodes you!
Your hands burn!
* * * LOW HITPOINT WARNING * * *
The jelly is severely wounded.
The jelly completely misses you.
You hit the jelly but do no damage.
Your hands burn!
* * * LOW HITPOINT WARNING * * *
The jelly is severely wounded.
The jelly hits you.
* * * LOW HITPOINT WARNING * * *
The acid corrodes you!
You are splashed with acid!
The acid burns!
* * * LOW HITPOINT WARNING * * *
The jelly hits you.
* * * LOW HITPOINT WARNING * * *
You are splashed with acid!
The acid burns!
You die...

#####.......'.........+
#........####.........#
#.###...## ##.......##
#.# ##..# ##.....## #.#
#..# ##..>## #.####..#
##'## #.......# #.#####
######J## #......
#@##### ##>...#.
#.#...#####.......
#.#...............
#.....#####.......
####### ##....## ######


You could see a jelly.

Vanquished Creatures
  A wight (D:3)
  An orc priest (D:5)
  A worker ant (D:5)
  Robin (D:3)
  4 adders
  A shadow imp (D:5)
  2 oozes
  A dart slug (D:2)
  2 leopard geckos
  3 orcs (D:5)
  4 bats
  3 giant cockroaches
  8 goblins
  10 hobgoblins
  6 jackals
  2 kobolds (D:3)
  5 frilled lizards
  A jackal zombie (D:5)
  3 rats
59 creatures vanquished.

Notes
Turn   | Place    | Note
-------+----------+-------------------------------------------
     0 | D:1      | brucemayne the Hill Orc Monk began the quest for the Orb.
     0 | D:1      | Reached XP level 1. HP: 19/19 MP: 1/1
    96 | D:1      | Reached XP level 2. HP: 6/26 MP: 2/2
   164 | D:1      | Reached skill level 5 in Axes
   327 | D:2      | Reached XP level 3. HP: 13/31 MP: 3/3
   556 | D:3      | Found an opulent altar of Gozag.
   574 | D:3      | Reached skill level 6 in Axes
   643 | D:3      | Found a faded altar of an unknown god.
   680 | D:3      | Reached XP level 4. HP: 35/39 MP: 4/4
   692 | D:3      | Noticed Robin
   739 | D:3      | Killed Robin
   848 | D:3      | Noticed Sigmund
   982 | D:3      | Reached skill level 7 in Axes
  1123 | D:4      | Found a hide-covered altar of Uskayaw.
  1236 | D:3      | Reached XP level 5. HP: 29/45 MP: 5/5
  1372 | D:4      | Noticed an ogre
  1420 | D:5      | Entered Level 5 of the Dungeon
  1447 | D:5      | Found Utsuar's Weapon Emporium.
  1612 | D:5      | Found a basalt altar of Yredelemnul.
  1779 | D:5      | Reached skill level 8 in Axes
  1899 | D:5      | Found a deep blue altar of Sif Muna.
  2025 | D:5      | Reached XP level 6. HP: 51/51 MP: 6/6
  2054 | D:5      | HP: 2/51 [acid (8)]
  2065 | D:5      | HP: 1/51 [jelly (3)]
  2065 | D:5      | Splashed by a jelly's acid

Vault maps used:
D:1:      dpeg_arrival_long_road
D:2:      st_stairs_5
D:3:      lemuel_round_altar, ecumenical_altar_2, first_bread, uniq_robin,
          uniq_sigmund
D:4:      eat_drink_and_be_merry_uskayaw
D:5:      nicolae_overflow_hidden_temple, serial_shops,
          nicolae_shop_temple_entry_statues_fountains, yredelemnul_altar_generic

Skill      XL: |  1  2  3  4  5 |
---------------+----------------+-----
Axes           | 5 6 7 8 |  8.5
Fighting       | |  3.6
Dodging        | |  2.4
Stealth        | |  1.5

Action                   |  1- 3 |  4- 6 || total
-------------------------+-------+-------++-------
Melee: Hand axe          |   115 |   143 ||   258
  Use: Scroll            |       |     5 ||     5
 Stab: Sleeping          |     3 |     1 ||     4
  Eat: Meat ration       |       |     1 ||     1
Armor: Robe              |    29 |       ||    29
       Ring mail         |     3 |    42 ||    45
Dodge: Dodged            |    92 |    63 ||   155
